 Dungeon Crawl Stone Soup version 0.25-a0-1079-g858b6a6ff6 (webtiles) character file.

Game seed: 73346594047662939, levelgen mode: deterministic

301 HoaS the Shield-Bearer (level 6, -5/39 HPs)
             Began as a Gargoyle Fighter on May 15, 2020.
             Slain by a river rat (6 damage)
             ... summoned by Eustachio
             ... on level 4 of the Dungeon.
             The game lasted 00:08:02 (3199 turns).

HoaS the Shield-Bearer (Gargoyle Fighter)           Turns: 3199, Time: 00:08:02

Health: -5/39      AC: 16    Str: 19    XL:     6   Next: 37%
Magic:  6/6        EV:  5    Int:  9    God:
Gold:   177        SH:  9    Dex: 11    Spells: 5/5 levels left

rFire    . . .     SeeInvis .   a - +0 flail
rCold    . . .     Gourm    .   c - +0 kite shield
rNeg     + . .     Faith    .   x - +0 chain mail (curse)
rPois    ∞         Spirit   .   j - +1 helmet
rElec    +         Reflect  .   (no cloak)
rCorr    .         Harm     .   (no gloves)
MR       .....                  (no boots)
Stlth    ..........             (no amulet)
HPRegen  0.13/turn              (no ring)
MPRegen  0.10/turn              (no ring)

@: no status effects
A: negative energy resistance 1, electricity resistance, unbreathing,
petrification resistance, rot immunity, AC +4
a: no special abilities


You were on level 4 of the Dungeon.
You were not hungry.

You visited 1 branch of the dungeon, and saw 4 of its levels.

You collected 177 gold pieces.

Inventory:

Hand Weapons
 a - a +0 flail (weapon)
Armour
 c - a +0 kite shield (worn)
 j - a +1 helmet (worn)
 x - a cursed +0 chain mail (worn)
Jewellery
 e - an uncursed ring of protection from fire {unknown}
 i - a +4 ring of evasion {unknown}
 w - an uncursed amulet of guardian spirit {unknown}
Wands
 u - a wand of iceblast (8)
Scrolls
 g - a scroll of magic mapping {unknown}
 l - 3 scrolls of identify {unknown}
 n - 2 scrolls of enchant weapon {unknown}
 q - 2 scrolls of enchant armour {unknown}
 r - 2 scrolls of remove curse {unknown}
 s - 2 scrolls of teleportation {unknown}
Potions
 d - a potion of might
 h - a potion of heal wounds {unknown}
 k - a potion of ambrosia {unknown}
 m - 2 potions of lignification {unknown}
 o - 3 potions of degeneration {unknown}
 p - 2 potions of curing {unknown}
 t - a potion of berserk rage {unknown}
 v - a potion of haste {unknown}
Comestibles
 b - 2 chunks of flesh
 f - 10 rations


   Skills:
 + Level 4.7 Fighting
 + Level 3.5 Maces & Flails
 + Level 4.7 Armour
 + Level 4.8 Shields


You had 5 spell levels left.
You didn't know any spells.
Your spell library was empty.

Dungeon Overview and Level Annotations

Branches:
Dungeon (4/15)
 Temple: D:4-7

Altars:
Ashenzari
Gozag

Annotations:
D:4 Eustachio


Innate Abilities, Weirdness & Mutations

You are resistant to torment.
Your stone body is resilient. (AC +4)
You are immune to poison.
You resist negative energy. (rN+)
You are resistant to electric shocks. (rElec)
You can survive without breathing.
You are immune to petrification.
You are immune to rotting.


Message History

You closely miss the iron imp.
The iron imp is severely wounded.
The river rat bites you but does no damage.
You block the iron imp's attack. You block the river rat's attack.
You sock the iron imp!
You kill the iron imp!
The river rat bites you but does no damage.
You hit the iron imp.
The iron imp is lightly wounded.
The river rat bites you but does no damage.
You block the iron imp's attack.
You sock the iron imp!
The iron imp is heavily wounded.
The river rat closely misses you. You block the iron imp's attack.
The river rat bites you.
* * * LOW HITPOINT WARNING * * *
You hit the iron imp.
The iron imp is severely wounded.
The iron imp closely misses you. The river rat bites you.
You die...

..... .... .... #Z. #5@ #r#
#5# #@# ###r# #..b#
########.### #..........#
#..........# #..........# .
#..........## #. .###
#...........#########.#....


You could see Eustachio, an iron imp (summoned), 2 river rats, a shadow imp
(summoned), a bat (summoned) and an adder skeleton.

Vanquished Creatures
  A hound (D:4)
  An orc priest (D:3)
  A worker ant (D:4)
  7 gnolls
  4 adders
  2 worms (D:2)
  3 dart slugs
  3 leopard geckos
  8 orcs
  13 bats
  4 giant cockroaches
  4 goblins (D:1)
  12 hobgoblins
  12 jackals
  A ball python (D:2)
  A ball python skeleton (D:4)
  5 frilled lizards
  3 kobolds (D:3)
  9 rats
94 creatures vanquished.

Notes
Turn   | Place    | Note
-------+----------+-------------------------------------------
     0 | D:1      | HoaS the Gargoyle Fighter began the quest for the Orb.
     0 | D:1      | Reached XP level 1. HP: 14/14 MP: 1/1
   196 | D:1      | Reached XP level 2. HP: 19/19 MP: 2/2
   394 | D:1      | Reached XP level 3. HP: 23/23 MP: 3/3
   991 | D:2      | Reached XP level 4. HP: 27/29 MP: 4/4
  1210 | D:2      | Found an opulent altar of Gozag.
  1252 | D:2      | Found a shattered altar of Ashenzari.
  1592 | D:2      | Reached XP level 5. HP: 33/33 MP: 5/5
  2734 | D:4      | Reached XP level 6. HP: 37/39 MP: 6/6
  3142 | D:4      | Noticed Eustachio
  3198 | D:4      | HP: 1/39 [river rat[Eustachio] (4)]
  3199 | D:4      | Slain by a river rat

Illustrated notes

Levels and vault maps discovered:
D:1:      elethiomel_arrival_maze, layout_loops_cross
D:2:      layout_basic, nicolae_overflow_crystal_walls, marbit_many_paths
D:3:      layout_basic
D:4:      layout_rooms, regret_index_temple_of_mockery, first_ration,
          uniq_eustachio

Skill      XL: |  1  2  3  4  5 |
---------------+----------------+-----
Shields        | 4 |  4.8
Armour         | 4 |  4.7
Fighting       | 4 |  4.7
Maces & Flails | 3 |  3.5

Action                   |  1- 3 |  4- 6 || total
-------------------------+-------+-------++-------
Melee: Flail             |   129 |   296 ||   425
  Eat: Chunk             |     1 |     7 ||     8
Armor: Scale mail        |    81 |   179 ||   260
       Chain mail        |       |    70 ||    70
Dodge: Dodged            |    38 |   117 ||   155
Block: Kite shield       |    85 |   200 ||   285

Table legend:
 A = Non-vault XP
 B = Vault XP
 C = Vault XP percentage of total XP
 D = Non-vault monster count
 E = Vault monster count
 F = Vault count percentage of total count
                 A         B        C        D         E       F
            +---------+---------+-------+---------+---------+-------
      Total |     428 |       2 |   0.5 |      93 |       1 |   1.1
            +---------+---------+-------+---------+---------+-------
        D:1 |      44 |       0 |   0.0 |      21 |       0 |   0.0
        D:2 |     122 |       2 |   1.6 |      32 |       1 |   3.0
        D:3 |     123 |       0 |   0.0 |      30 |       0 |   0.0
        D:4 |     139 |       0 |   0.0 |      10 |       0 |   0.0
            +---------+---------+-------+---------+---------+-------
